 Dungeon Crawl Stone Soup version 0.32-a0-861-g165e151e72 (webtiles) character file.

Game seed: 15329547756853721547

3298 Ajdolov the Basher (level 10, -6/51 HPs)
             Began as a Vine Stalker Monk on Mar 27, 2024.
             Was a Priest of Makhleb.
             Mangled by Grum
             ... wielding a +0 spear
              (11 damage)
             ... on level 8 of the Dungeon.
             The game lasted 00:10:28 (6710 turns).

Ajdolov the Basher (Vine Stalker Monk)              Turns: 6710, Time: 00:10:29

Health: -6/51      AC:  6    Str: 19    XL:     10   Next: 1%
Magic:  0/15       EV:  9    Int: 10    God:    Makhleb [***...]
Gold:   423        SH:  0    Dex: 16    Spells: 9/9 levels left

rFire   . . .        B - +2 flail (holy)
rCold   + . .        d - orb {light}
rNeg    . . .        j - +0 scale mail
rPois   +            (no helmet)
rElec   .            (no cloak)
rCorr   .            (no gloves)
SInv    .            (no boots)
Will    +....        (no amulet) Stlth
                     p - ring of protection from cold
HPRegen 1.08/turn    F - ring of poison resistance
MPRegen 0.14/turn

%: guardian spirit
@: glowing
A: fangs 3, regeneration 1, magic shield, antimagic bite, no potion heal 2
a: Renounce Religion, Minor Destruction, Lesser Servant of Makhleb


You were on level 8 of the Dungeon.
You worshipped Makhleb.
Makhleb was most pleased with you.
You visited 2 branches of the dungeon, and saw 9 of its levels.
You also visited: Ossuary.

You collected 423 gold pieces.

Inventory:

Hand Weapons
 a - a +0 morningstar
 B - a +2 flail of holy wrath (weapon)
Missiles
 t - 2 throwing nets
Armour
 d - an orb of light (worn)
 j - a +0 scale mail (worn)
 E - a +0 plate armour
Jewellery
 p - a ring of protection from cold (left hand)
 F - a ring of poison resistance (right hand)
Wands
 r - a wand of mindburst (17)
Scrolls
 b - 3 scrolls of teleportation
 e - 2 scrolls of revelation
 f - 4 scrolls of poison
 i - 2 scrolls of blinking
 k - 2 scrolls of torment
 l - 4 scrolls of immolation
 s - a scroll of brand weapon {unknown}
 u - 3 scrolls of fog
 y - a scroll of enchant armour {unknown}
 z - 5 scrolls of noise
 D - 2 scrolls of vulnerability
 G - a scroll of identify
Potions
 c - 3 potions of ambrosia
 g - 2 potions of cancellation {unknown}
 h - a potion of heal wounds {unknown}
 m - 2 potions of lignification {unknown}
 n - 2 potions of magic {unknown}
 o - 2 potions of mutation {unknown}
 q - a potion of enlightenment {unknown}
 v - 4 potions of curing {unknown}
 w - a potion of invisibility {unknown}
 x - 5 potions of haste {unknown}
 A - a potion of might {unknown}
 C - a potion of attraction {unknown}


   Skills:
 - Level 5.0 Fighting
 * Level 10.7 Maces & Flails
 - Level 2.4 Dodging
 + Level 6.2 Invocations


You had 9 spell levels left.
You didn't know any spells.
Your spell library contained the following spells:

 Spells                   Type           Power      Damage    Failure   Level
 Mercury Vapours          Alch/Air       0%         N/A       88%         2
 Scorch                   Fire           0%         2d5       88%         2
 Hailstorm                Conj/Ice       0%         3d5       98%         3
 Inner Flame              Hex/Fire       0%         N/A       98%         3
 Mephitic Cloud           Conj/Alch/Air  0%         N/A       98%         3
 Summon Ice Beast         Ice/Summ       0%         N/A       98%         3
 Brom's Barrelling Bould  Conj/Erth      0%         2d3       100%        4
 Flame Wave               Conj/Fire      0%         2d4       100%        4
 Fireball                 Conj/Fire      0%         3d3       100%        5
 Freezing Cloud           Conj/Ice/Air   0%         6-21      100%        5
 Irradiate                Conj/Alch      0%         3d11      100%        5
 Iskenderun's Battlesphe  Conj           0%         2d6       100%        5
 Conjure Ball Lightning   Conj/Air       0%         3x3d6     100%        6
 Permafrost Eruption      Ice/Erth       0%         2x4d2     100%        6
 Sculpt Simulacrum        Ice/Alch       0%         N/A       100%        6
 Summon Cactus Giant      Summ           0%         N/A       100%        6
 Orb of Destruction       Conj           0%         9d5       100%        7
 Ignition                 Fire           0%         3d3       100%        8


Dungeon Overview and Level Annotations

Branches:
Dungeon (8/15)             Temple (1/1) D:4         Ossuary (visited)
   Lair: D:8-11

Altars:
Ashenzari
Cheibriados
Dithmenos
Elyvilon
Fedhas
Hepliaklqana
Kikubaaqudgha
Makhleb
Okawaru
Qazlal
Ru
Sif Muna
Trog
Uskayaw
Vehumet
Wu Jian
Xom
Yredelemnul
Zin
The Shining One

Annotations:
D:3 1 runed translucent door, Crazy Yiuf
D:6 exclusion: door
D:8 Grum


Innate Abilities, Weirdness & Mutations

You have razor-sharp teeth.
Your natural rate of healing is unusually fast.
When hurt, damage is shared between your health and your magic reserves.
Your bite disrupts and absorbs the magic of your enemies.
Potions cannot restore your health.


Message History

Grum hits you from afar with a +0 spear!
The wolf bites you.
* * * LOW HITPOINT WARNING * * *
You sock the wolf!
You kill the wolf!
Makhleb accepts your kill.
Grum hits you from afar with a +0 spear!
* * * LOW HITPOINT WARNING * * *
You have reached level 10!
Unknown command.
An acid dragon comes into view.
Grum attacks as he pursues you! Grum closely misses you.
Grum grunts, "Me and Lady will play fetch with your bones!"
Grum attacks as he pursues you! Grum barely misses you.
Grum attacks as he pursues you!
Grum hits you from afar with a +0 spear!!
* * * LOW HITPOINT WARNING * * *
There is a stone staircase leading down here.
The acid dragon spits acid at you. The splash of acid misses you.
You see here a +0 dagger.
The zap hits Grum.
Grum is lightly wounded.
There is a stone staircase leading up here.
The glob of acid hits Grum!
The acid corrodes Grum!
Grum is moderately wounded.
The stone arrow misses Grum.
The stone arrow hits the acid dragon!
The acid dragon is heavily wounded.
Grum barely misses you.
The puff of flame misses Grum.
Grum hits you from afar with a +0 spear!
The puff of flame hits the acid dragon.
The acid dragon is heavily wounded.
Grum hits you from afar with a +0 spear!
The acid dragon spits acid at you. The splash of acid hits you!!
Ouch! That really hurt!
* * * LOW HITPOINT WARNING * * *
Grum hits you from afar with a +0 spear!
You die...

#.#.# #.##.########..#
#.#.####[##...........#
#.#..........######.#.#
#........##.## #)#.#
#.#.##.####.#### #D#.#
#.#............# #g#.#
#.####.####.##.# #.#.# #.#
#.####.##.####.#.# ####.#
#.......@Dg......#
.....########.#.#......###
............(###.#######
#############.#.## ##.##
###


You could see Grum (corroded) and an acid dragon (catching breath).

Vanquished Creatures
  4 yaks
  A steam dragon (D:6)
  A water moccasin (D:7)
  An ogre (D:5)
  2 ice beasts (D:6)
  A sky beast (D:6)
  2 wolves (D:8)
  A centaur (D:5)
  A weeping skull (Ossuary)
  A bullfrog (D:7)
  3 elf zombies
  An elf skeleton (D:4)
  3 scorpions
  A burial acolyte (Ossuary)
  5 killer bees (D:7)
  2 howler monkeys (D:5)
  A bombardier beetle (D:6)
  3 orc priests
  A hound (D:6)
  2 jellies
  A sleepcap (D:7)
  Ijyb (D:3)
  Terence (D:3)
  6 iguanas
  7 orc wizards
  Natasha (thrice) (D:3)
  2 human skeletons (D:4)
  3 mummies (Ossuary)
  5 gnolls
  3 adders
  2 ufetubi (D:5)
  3 dart slugs
  A ribbon worm (D:2)
  24 orcs
  4 bats
  7 endoplasms
  4 giant cockroaches
  3 gnoll zombies (Ossuary)
  6 goblins
  4 hobgoblins
  7 jackals
  7 kobolds
  5 quokkas
  7 ball pythons
  3 frilled lizards
  A kobold zombie (Ossuary)
  An orc skeleton (D:4)
  3 orc zombies (Ossuary)
  3 rats
164 creatures vanquished.

Vanquished Creatures (others)
  A human (D:4)
1 creature vanquished.

Grand Total: 165 creatures vanquished

Notes
Turn   | Place    | Note
-------+----------+-------------------------------------------
     0 | D:1      | Ajdolov the Vine Stalker Monk began the quest for the Orb.
     0 | D:1      | Reached XP level 1. HP: 11/11 MP: 2/2
   309 | D:1      | Reached XP level 2. HP: 13/16 MP: 3/3
   677 | D:1      | Reached XP level 3. HP: 21/21 MP: 4/4
  1781 | D:3      | Reached XP level 4. HP: 26/26 MP: 3/5
  1784 | D:3      | Found a glowing golden altar of the Shining One.
  1901 | D:3      | Noticed Terence
  1918 | D:3      | Killed Terence
  2062 | D:3      | Found a runed translucent door.
  2063 | D:3      | Noticed Crazy Yiuf
  2288 | D:3      | Noticed Natasha
  2299 | D:3      | Killed Natasha
  2300 | D:3      | Reached skill level 5 in Fighting
  2300 | D:3      | Reached XP level 5. HP: 25/30 MP: 4/6
  2426 | D:3      | Noticed Ijyb
  2448 | D:3      | Killed Ijyb
  2449 | D:3      | Reached skill level 3 in Maces & Flails
  2612 | D:3      | Noticed Natasha
  2618 | D:3      | Killed Natasha
  2631 | D:3      | Noticed Natasha
  2639 | D:3      | Killed Natasha
  2873 | D:4      | Found a shimmering blue altar of Sif Muna.
  2993 | D:4      | Reached skill level 4 in Maces & Flails
  2993 | D:4      | Reached XP level 6. HP: 12/35 MP: 3/7
  3173 | D:4      | Reached skill level 5 in Maces & Flails
  3206 | D:4      | Reached XP level 7. HP: 36/39 MP: 8/8
  3212 | D:4      | Found a sand-covered staircase.
  3217 | Ossuary  | Entered an ossuary
  3254 | Ossuary  | Reached skill level 6 in Maces & Flails
  3707 | D:4      | Found a staircase to the Ecumenical Temple.
  3736 | Temple   | Entered the Ecumenical Temple
  3741 | Temple   | Became a worshipper of Makhleb the Destroyer
  3741 | Temple   | Reached * piety under Makhleb
  3741 | Temple   | Reached ** piety under Makhleb
  3789 | D:4      | Reached skill level 7 in Maces & Flails
  3812 | D:4      | Reached skill level 1 in Invocations
  3812 | D:4      | Gained mutation: You have razor-sharp teeth. [Vine Stalker
                  | growth]
  3812 | D:4      | Reached XP level 8. HP: 43/43 MP: 7/9
  4004 | D:4      | Found an ancient bone altar of Kikubaaqudgha.
  4055 | D:5      | Entered Level 5 of the Dungeon
  4347 | D:5      | Found a glowing silver altar of Zin.
  4627 | D:5      | Reached skill level 8 in Maces & Flails
  5044 | D:6      | Noticed a yak
  5044 | D:6      | Noticed a yak
  5044 | D:6      | Noticed a yak
  5044 | D:6      | Noticed a yak
  5156 | D:5      | Killed a yak
  5168 | D:5      | Killed a yak
  5169 | D:5      | Reached skill level 9 in Maces & Flails
  5169 | D:5      | Reached XP level 9. HP: 33/47 MP: 7/13
  5433 | D:6      | Reached skill level 5 in Invocations
  5834 | D:7      | Reached *** piety under Makhleb
  5863 | D:7      | Reached skill level 10 in Maces & Flails
  6149 | D:7      | Found a snail-covered altar of Cheibriados.
  6562 | D:8      | Identified the +1 robe of Gallantry {rF++ rN+ Str-2 Stlth+}
  6607 | D:8      | Noticed Grum
  6620 | D:8      | Reached XP level 10. HP: 10/51 MP: 4/15
  6626 | D:8      | HP: 2/51 [Grum/+0 spear (15)]
  6710 | D:8      | Mangled by Grum

Illustrated notes

Levels and vault maps discovered:
D:1:      reono_arrival_mine, layout_loops_corners, minmay_misc_feat_five,
          hex_tiny, hangedman_decor_growths
D:2:      minmay_wonky_spiral, layout_basic
D:3:      layout_basic, mainiacjoe_overflow_six_doors_small,
          serial_bayou_ford_a, uniq_natasha, uniq_terence, uniq_ijyb,
          uniq_crazy_yiuf_cottage
D:4:      layout_loops_corners, lemuel_blue_sif_altar, tgw_kikubaaqudgha,
          minmay_temple_entry_water_ring, nicolae_ossuary_entry_catacombs
D:5:      layout_basic, kennysheep_little_box
D:6:      layout_basic
D:7:      layout_rooms, mainiacjoe_overflow_alcove_4
D:8:      layout_loops_ring, uniq_psyche, uniq_grum
Temple:   hellmonk_temple_of_storms

Skill      XL: |  1  2  3  4  5  6  7  8  9 |
---------------+----------------------------+-----
Fighting       | 3 4 5 |  5.0
Maces & Flails | 4 5 7 9 10 | 10.7
Invocations    | 1 4 6 |  6.2
Dodging        | |  2.4

Action                     |  1- 3 |  4- 6 |  7- 9 | 10-12 || total
---------------------------+-------+-------+-------+-------++-------
  Melee: Mace              |    82 |   129 |    95 |       ||   306
         Bite              |    20 |    50 |    85 |       ||   155
         Flail             |       |       |   122 |       ||   122
 Invoke: Minor Destruction |       |       |   103 |     5 ||   108
    Use: Scroll            |       |       |     7 |       ||     7
 Armour: Robe              |    31 |       |       |       ||    31
         Scale mail        |    28 |    97 |   173 |     5 ||   303
  Dodge: Dodged            |    70 |    58 |    92 |     4 ||   224

Table legend: (Time is in decaauts)
 A = Elapsed time spent in this place.
 B = Non-inter-level travel time spent in this place.
 C = Inter-level travel time spent in this place.
 D = Time resting spent in this place.
 E = Time spent auto-exploring this place.
 F = Levels seen in this place.
 G = Mean time per level.
                   A        B        C        D        E       F      G
               +--------+--------+--------+--------+--------+-----+--------+
         Total |   6770 |   6460 |    310 |    176 |   4845 |  10 |  677.0 |
       Dungeon |   6458 |   6148 |    310 |    162 |   4722 |   8 |  807.2 |
        Temple |     10 |     10 |      0 |      0 |      0 |   1 |   10.0 |
       Ossuary |    301 |    301 |      0 |     14 |    123 |   1 |  301.0 |
               +--------+--------+--------+--------+--------+-----+--------+

Top non-repeatable levels by time:
     D:4: 1107 daAuts
     D:3: 1023 daAuts
     D:1: 879 daAuts
     D:2: 877 daAuts
     D:6: 834 daAuts
     D:5: 763 daAuts
     D:7: 689 daAuts
 Ossuary: 301 daAuts
     D:8: 283 daAuts
  Temple: 10 daAuts
